 Dungeon Crawl Stone Soup version 0.25-a0-246-g58704a1ebd (webtiles) character file.

Game seed: 6348177906697724650, levelgen mode: deterministic

46 MisterFreud the Skirmisher (level 3, 0/17 HPs)
             Began as a Felid Transmuter on Dec 3, 2019.
             Slain by an adder (3 damage)
             ... on level 2 of the Dungeon.
             The game lasted 00:03:20 (1961 turns).

MisterFreud the Skirmisher (Felid Transmuter)       Turns: 1961, Time: 00:03:21

Health: 0/17       AC:  1    Str:  6    XL:     3   Next: 46%
Magic:  5/7        EV: 18    Int: 15    God:
Gold:   73         SH:  0    Dex: 16    Spells: 0/6 levels left
                                        Lives:  0   Deaths: 0

rFire    + . .     SeeInvis +     - Unarmed
rCold    x . .     Gourm    .   (shield unavailable)
rNeg     . . .     Faith    .   (armour unavailable)
rPois    +         Spirit   .   (helmet unavailable)
rElec    .         Reflect  .   (cloak unavailable)
rCorr    .         Harm     .   (gloves unavailable)
MR       .....                  (boots unavailable)
Stlth    ++........             i - amulet of magic regeneration
HPRegen  0.05/turn              g - ring of poison resistance
MPRegen  0.35/turn              e - ring of fire

@: lethally poisoned (0 -> -5), quick
A: very small, no armour, no weapons or thrown items, stealth, claws 1, fangs 3,
see invisible, carnivore, speed 1, shaggy fur 1, slow metabolism 1, sharp paws
a: no special abilities


You were on level 2 of the Dungeon.
You were very full.

You visited 1 branch of the dungeon, and saw 2 of its levels.

You collected 73 gold pieces.

Inventory:

Missiles
 a - 10 arrows
Jewellery
 e - a ring of fire (right paw)
 g - a ring of poison resistance (left paw)
 i - an amulet of magic regeneration (around neck)
Potions
 b - a potion of agility {unknown}
 f - a potion of heal wounds {unknown}
Comestibles
 c - a ration
 d - a chunk of flesh


   Skills:
 + Level 3.4 Fighting
 - Level 2.6 Dodging
 - Level 3.0 Unarmed Combat
 - Level 2.0 Spellcasting
 - Level 2.1 Transmutations


You couldn't memorise any spells.
You knew the following spells:

 Your Spells              Type           Power        Failure   Level  Hunger
a - Beastly Appendage     Tmut           #.....       9%          1    #......
b - Sticks to Snakes      Tmut           #.......     14%         2    ###....
c - Spider Form           Tmut/Pois      #.........   38%         3    ###....

Your spell library contained the following spells:

 Spells                   Type           Power        Failure   Level  Hunger
 Ice Form                 Ice/Tmut       #.......     80%         4    #####..
 Blade Hands              Tmut           #.........   94%         5    ######.


Dungeon Overview and Level Annotations

Branches:
Dungeon (2/15)

Altars:


Innate Abilities, Weirdness & Mutations

You cannot wear armour.
You are incapable of wielding weapons or throwing items.
Your paws allow you to move quietly. (Stealth)
You have sharp claws.
You have razor-sharp teeth.
You have supernaturally acute eyesight. (SInv)
You are carnivorous and can eat meat at any time.
You cover ground quickly.
You are covered in fur. (AC +1)
You have a slow metabolism.
Your sharp claws are effective at attacking unaware monsters.


Message History

You turn into a venomous arachnid creature.
The adder completely misses you. The adder bites you.
You hit the adder.
The adder is moderately wounded.
The adder bites you.
You hit the adder.
The adder is heavily wounded.
Your transformation is almost over.
The adder bites you.
* * * LOW HITPOINT WARNING * * *
You are lethally poisoned!
The adder poisons you!
Okay, then.
Unknown command.
Unknown command.
Okay, then.
Your transformation has ended.
* * * LOW HITPOINT WARNING * * *
You feel sick. The adder bites you.
You die...

#.##### (# ###..#
#.# ##. #....#
#.# #.. ####.#..#
# #.# #.#
#.$.$...##### #.#
#.# #.#!.#.<.....
#.# #.#
#.#......##.. #.#
#.#
.....##.#####>
#.######.##.###..
#w######
#.....รท..@Sr# #.
#...SKw.
###########.# #.
######## .. # .#
# # # # # #


You could see an adder and a quokka.

Vanquished Creatures
  An adder (D:2)
  An ooze (D:1)
  A worm (D:2)
  A leopard gecko (D:1)
  2 giant cockroaches (D:1)
  5 hobgoblins (D:1)
  4 bats (D:1)
  A frilled lizard (D:1)
  7 goblins
  4 kobolds (D:1)
  3 rats
30 creatures vanquished.

Notes
Turn   | Place    | Note
-------+----------+-------------------------------------------
     0 | D:1      | MisterFreud the Felid Transmuter began the quest for the
                  | Orb.
     0 | D:1      | Reached XP level 1. HP: 9/9 MP: 4/4
   229 | D:1      | Reached XP level 2. HP: 13/13 MP: 6/6
   236 | D:1      | Learned a level 2 spell: Sticks to Snakes
   969 | D:1      | Reached XP level 3. HP: 17/17 MP: 4/7
  1880 | D:1      | Learned a level 3 spell: Spider Form
  1961 | D:2      | Slain by an adder

Levels and vault maps discovered:
D:1:      ebering_hopf_link, layout_basic
D:2:      cheibrodos_greedy_goblins, layout_loops_ring,
          nicolae_overflow_crystal_walls

Skill      XL: |  1  2 |
---------------+-------+-----
Fighting       | 2 3 |  3.4
Dodging        | |  2.6
Unarmed Combat | |  3.0
Spellcasting   | |  2.0
Transmutations | |  2.1

Action                   || total
-------------------------++-------
Melee: Unarmed           ||   103
       Bite              ||     5
       Headbutt          ||    13
 Cast: Beastly Appendage ||    12
       Sticks to Snakes  ||     2
       Spider Form       ||     1
 Abil: End Transformatio ||     1
  Use: Scroll            ||     3
       Potion            ||     1
 Stab: Sleeping          ||     1
  Eat: Chunk             ||     8
Armor: Skin              ||     9
Dodge: Dodged            ||    99

Table legend:
 A = Non-vault XP
 B = Vault XP
 C = Vault XP percentage of total XP
 D = Non-vault monster count
 E = Vault monster count
 F = Vault count percentage of total count
                 A         B        C        D         E       F
            +---------+---------+-------+---------+---------+-------
      Total |      67 |       0 |   0.0 |      30 |       0 |   0.0
            +---------+---------+-------+---------+---------+-------
        D:1 |      47 |       0 |   0.0 |      26 |       0 |   0.0
        D:2 |      20 |       0 |   0.0 |       4 |       0 |   0.0
            +---------+---------+-------+---------+---------+-------
